 Dungeon Crawl Stone Soup version 0.24-a0-580-g6a6c3f83c1 (webtiles) character file.

Game seed: 7421308417527189208

637183 Flugkiller the Sniper (level 27, -12/180 HPs)
             Began as an Octopode Hunter on Aug 20, 2019.
             Was an Initiate of Gozag.
             Mangled by a death cob (33 damage)
             ... on level 4 of the Realm of Zot on Aug 21, 2019.
             The game lasted 03:36:59 (95383 turns).

Flugkiller the Sniper (Octopode Hunter)            Turns: 95383, Time: 03:37:00

Health: -12/180    AC:  5    Str:  9    XL:     27
Magic:  10/41      EV: 31    Int: 29    God:    Gozag
Gold:   12163      SH:  0    Dex: 15    Spells: 19/54 levels left

rFire    + + +     SeeInvis .   a - +9 demon trident (elec)
rCold    + + .     Gourm    .   (no shield)
rNeg     + . .     Faith    .   D - +1 hat of Agazootta {Slay+4}
rPois    +         Spirit   .   P - necklace of Bloodlust {*Rage +Rage MR++ Int-3 Slay+6 *Curse}
rElec    +         Reflect  .   W - ring "Xanu" {rF+ Int+3 Dex+4}
rCorr    .         Harm     .   F - +3 ring of intelligence
MR       +++++     Clarity  +   V - ring "Riptah" {*Drain +Blink rElec rPois rF+ rC+}
Stlth    ++++......             G - ring of Yjav {Wiz rF+++ rN+ MR+ Str-3}
HPRegen  1.40/turn              I - ring of protection from cold
MPRegen  0.27/turn              Z - +3 ring of protection
                                U - +3 ring of evasion
                                H - ring of the Mage {Wiz MR++ Int+3}

@: gold aura, very slightly contaminated, regenerating, slowed, very slow
A: almost no armour, stealthy swim, amphibious, 8 rings, constrict 8, camouflage
1, clarity, clumsy 2, frail 1, wild magic 1, gelatinous body 1, evolution 1
}: 4/15 runes: serpentine, barnacled, slimy, silver
a: Potion Petition, Call Merchant, Bribe Branch, Renounce Religion, Evoke Blink,
Evoke Berserk Rage


You were on level 4 of the Realm of Zot.
You worshipped Gozag.
Gozag was extremely pleased with you.
You were not hungry.

You visited 10 branches of the dungeon, and saw 53 of its levels.
You visited 1 bazaar.
You also visited: Bailey and Ice Cave.

You collected 31047 gold pieces.
You spent 6170 gold pieces at shops.
You paid 12714 gold pieces to Gozag.

Inventory:

Hand Weapons
 a - a +9 demon trident of electrocution (weapon)
   (You found it on level 13 of the Dungeon)
 b - a +9 triple crossbow of velocity
   (You bought it in a shop in a bazaar)
 T - a +2 hand crossbow of velocity
   (You found it on level 3 of the Elven Halls)
Missiles
 c - 2099 bolts
 q - 7 curare-tipped darts
 C - 10 throwing nets (quivered)
Armour
 D - the +1 hat of Agazootta (worn) {Slay+4}
   (You bought it in a shop on level 7 of the Dungeon)

   It affects your accuracy and damage with ranged weapons and melee attacks
   (+4).
 K - the +3 buckler of Sloth {Int+3}
   (You acquired it on level 3 of the Shoals)

   It affects your intelligence (+3).
Jewellery
 p - an uncursed ring of see invisible
   (You found it on level 2 of the Elven Halls)
 A - the amulet "Emyacygo" {Regen+ Int+6}
   (You bought it in a shop on level 3 of the Shoals)

   [amulet of regeneration]

   It affects your intelligence (+6).
   It increases your rate of regeneration.
 F - a +3 ring of intelligence (right tentacle)
   (You found it on level 5 of the Pits of Slime)
 G - the ring of Yjav (on tentacle) {Wiz rF+++ rN+ MR+ Str-3}
   (You took it off a deep elf blademaster on level 3 of the Elven Halls)

   [ring of wizardry]

   It improves your spell success rate.
   It affects your strength (-3).
   It renders you almost immune to fire.
   It protects you from negative energy.
   It affects your resistance to hostile enchantments.
 H - the ring of the Mage (on tentacle) {Wiz MR++ Int+3}
   (You bought it in a shop on level 3 of the Shoals)

   [ring of wizardry]

   It improves your spell success rate.
   It affects your intelligence (+3).
   It affects your resistance to hostile enchantments.
 I - a ring of protection from cold (on tentacle)
   (You found it on level 3 of the Shoals)
 P - the necklace of Bloodlust (around mantle) {*Rage +Rage MR++ Int-3 Slay+6 *Curse}
   (You found it on level 5 of the Pits of Slime)

   [amulet of rage]

   It affects your intelligence (-3).
   It affects your accuracy and damage with ranged weapons and melee attacks
   (+6).
   It affects your resistance to hostile enchantments.
   It lets you go berserk.
   It may make you go berserk in combat.
   It curses itself when equipped.
 U - a +3 ring of evasion (on tentacle)
   (You found it on level 12 of the Dungeon)
 V - the ring "Riptah" (on tentacle) {*Drain +Blink rElec rPois rF+ rC+}
   (You bought it in a shop on level 5 of the Lair of Beasts)

   [ring of protection from cold]

   It protects you from fire.
   It protects you from cold.
   It insulates you from electricity.
   It protects you from poison.
   It lets you blink.
   It causes draining when unequipped.
 W - the ring "Xanu" (left tentacle) {rF+ Int+3 Dex+4}
   (You took it off a yaktaur captain on level 5 of the Vaults)

   [ring of dexterity]

   It affects your intelligence (+3).
   It affects your dexterity (+4).
   It protects you from fire.
 Z - a +3 ring of protection (on tentacle)
   (You found it on level 6 of the Lair of Beasts)
Wands
 g - a wand of scattershot (2)
   (You took it off a tengu warrior on level 3 of the Depths)
 s - a wand of paralysis (7)
   (You found it on level 3 of the Snake Pit)
 E - a wand of acid (22)
   (You bought it in a shop in a bazaar)
 L - a wand of digging (22)
   (You bought it in a shop in a bazaar)
 N - a wand of clouds (25)
   (You found it on level 10 of the Dungeon)
 Q - a wand of enslavement (23)
   (You bought it in a shop on level 13 of the Dungeon)
 Y - a wand of iceblast (36)
   (You found it on level 1 of the Snake Pit)
Scrolls
 e - 3 scrolls of immolation
 i - 20 scrolls of teleportation
 k - 3 scrolls of fear
 m - 10 scrolls of fog
 o - 26 scrolls of identify
 t - 10 scrolls of blinking
 w - 18 scrolls of remove curse
 z - 6 scrolls of magic mapping
 O - 4 scrolls of holy word
Potions
 d - 4 potions of magic
 h - 10 potions of ambrosia
 j - 5 potions of agility
 l - 17 potions of curing
 n - 6 potions of heal wounds
 v - 5 potions of cancellation
 x - 7 potions of might
 B - 5 potions of brilliance
 J - 7 potions of haste
 R - 3 potions of berserk rage
 S - 3 potions of resistance
 X - 4 potions of invisibility
Miscellaneous
 r - 10 sacks of spiders
 u - 5 phantom mirrors
 y - a lamp of fire
   (You found it on level 12 of the Dungeon)
 M - 5 boxes of beasts
Comestibles
 f - 25 rations


   Skills:
 - Level 20.0 Fighting
   Level 12.6(14.3) Axes
 - Level 11.8(14.0) Polearms
 + Level 23.9 Crossbows
 - Level 20.0 Dodging
 - Level 5.0 Stealth
 - Level 4.0 Shields
 - Level 14.0 Spellcasting
 - Level 4.1 Conjurations
 - Level 2.1 Hexes
 - Level 5.0 Charms
 - Level 3.3 Translocations
 - Level 11.0 Transmutations
 - Level 3.3 Fire Magic
 - Level 5.0 Air Magic
 - Level 11.0 Earth Magic
 - Level 15.0 Evocations


You had 19 spell levels left.
You knew the following spells:

 Your Spells              Type           Power        Failure   Level  Hunger
a - Confusing Touch       Hex            #####.       1%          1    None
b - Statue Form           Tmut/Erth      #######..    1%          6    ####...
c - Conjure Flame         Conj/Fire      ######..     1%          3    None
d - Deflect Missiles      Chrm/Air       ######....   16%         6    ####...
e - Spectral Weapon       Hex/Chrm       ######..     1%          3    None
f - Summon Lightning Spi  Summ/Air       #####...     3%          4    None
g - Passwall              Tmut/Erth      #######.     1%          2    None
h - Regeneration          Chrm/Necr      #####.....   1%          3    None
i - Irradiate             Conj/Tmut      ######....   1%          5    None
r - Blink                 Tloc           N/A          1%          2    None

Your spell library contained the following spells:

 Spells                   Type           Power        Failure   Level  Hunger
 Animate Skeleton         Necr           N/A          1%          1    None
 Apportation              Tloc           ######       1%          1    None
 Beastly Appendage        Tmut           ######       1%          1    None
 Corona                   Hex            #####..      1%          1    None
 Flame Tongue             Conj/Fire      #####        1%          1    None
 Freeze                   Ice            ####         1%          1    None
 Infusion                 Chrm           ####         1%          1    None
 Magic Dart               Conj           ####         1%          1    None
 Sandblast                Erth           ######       1%          1    None
 Shock                    Conj/Air       ####         1%          1    None
 Sting                    Conj/Pois      ####         1%          1    None
 Summon Butterflies       Summ           ####....     1%          1    None
 Summon Small Mammal      Summ           ####         1%          1    None
 Call Imp                 Summ           ####....     1%          2    None
 Corpse Rot               Necr           N/A          1%          2    None
 Ensorcelled Hibernation  Hex/Ice        ####..       1%          2    None
 Poisonous Vapours        Pois/Air       #####.       1%          2    None
 Searing Ray              Conj           ######       1%          2    None
 Shroud of Golubria       Chrm/Tloc      ######       1%          2    None
 Slow                     Hex            #####...     1%          2    None
 Song of Slaying          Chrm           ######..     1%          2    None
 Sticks to Snakes         Tmut           #######.     1%          2    None
 Sublimation of Blood     Necr           ####......   1%          2    None
 Swiftness                Chrm/Air       ######..     1%          2    None
 Throw Frost              Conj/Ice       #####.       1%          2    None
 Confuse                  Hex            #####...     1%          3    None
 Dazzling Spray           Conj/Hex       #####.       1%          3    None
 Gell's Gravitas          Tloc           ######....   1%          3    None
 Lesser Beckoning         Tloc           ######....   1%          3    None
 Mephitic Cloud           Conj/Pois/Air  #####...     1%          3    None
 Ozocubu's Armour         Chrm/Ice       #####...     1%          3    None
 Portal Projectile        Hex/Tloc       #####.       1%          3    None
 Spider Form              Tmut/Pois      ######....   1%          3    None
 Static Discharge         Conj/Air       ######..     1%          3    None
 Stone Arrow              Conj/Erth      ######       1%          3    None
 Teleport Other           Tloc           ######..     1%          3    None
 Tukima's Dance           Hex            #####...     1%          3    None
 Airstrike                Air            ######....   1%          4    None
 Ice Form                 Ice/Tmut       ######..     1%          4    None
 Leda's Liquefaction      Hex/Erth       ######....   1%          4    None
 Petrify                  Tmut/Erth      #######.     1%          4    None
 Blade Hands              Tmut           #######...   1%          5    None
 Lee's Rapid Deconstruct  Erth           #######...   1%          5    None
 Hydra Form               Tmut           #######...   1%          6    ####...
 Summon Guardian Golem    Hex/Summ       ####....     2%          3    None
 Force Lance              Conj/Tloc      ######..     2%          4    None
 Iskenderun's Mystic Bla  Conj           ######..     2%          4    None
 Passage of Golubria      Tloc           N/A          2%          4    None
 Sticky Flame             Conj/Fire      ######..     2%          4    None
 Bolt of Magma            Conj/Fire/Erth ######....   2%          5    None
 Yara's Violent Unravell  Hex/Tmut       ######....   2%          5    None
 Call Canine Familiar     Summ           ####....     3%          3    None
 Fulminant Prism          Conj/Hex       #####.....   3%          4    None
 Alistair's Intoxication  Tmut/Pois      ######..     3%          5    None
 Cause Fear               Hex            #####.....   4%          4    None
 Throw Icicle             Conj/Ice       #####...     4%          4    None
 Iskenderun's Battlesphe  Conj/Chrm      ######..     4%          5    None
 Lightning Bolt           Conj/Air       ######....   4%          5    None
 Silence                  Hex/Air        ######....   6%          5    None
 Iron Shot                Conj/Erth      ######....   7%          6    ####...
 Animate Dead             Necr           N/A          9%          4    None
 Olgreb's Toxic Radiance  Pois           ####....     9%          4    None
 Summon Ice Beast         Ice/Summ       ####....     9%          4    None
 Excruciating Wounds      Chrm/Necr      #####.....   9%          5    None
 Dragon Form              Tmut           #######...   9%          7    #####..
 Bolt of Draining         Conj/Necr      #####.....   11%         5    None
 Venom Bolt               Conj/Pois      #####.....   11%         5    None
 Summon Forest            Summ/Tloc      #####.....   13%         5    None
 Metabolic Englaciation   Hex/Ice        ####......   16%         5    None
 Summon Mana Viper        Hex/Summ       ####....     16%         5    None
 Conjure Ball Lightning   Conj/Air       ######....   19%         6    ####...
 Agony                    Necr           ####....     22%         5    None
 Dispel Undead            Necr           ####....     22%         5    None
 Freezing Cloud           Conj/Ice/Air   #####.....   32%         6    ####...
 Invisibility             Hex            #####...     43%         6    ####...
 Bolt of Cold             Conj/Ice       #####.....   45%         6    ####...
 Death Channel            Necr           ####......   71%         6    ####...
 Orb of Destruction       Conj           ######....   71%         7    #####..
 Ring of Flames           Chrm/Fire      ######....   71%         7    #####..
 Spellforged Servitor     Conj/Summ      #####.....   92%         7    #####..
 Summon Hydra             Summ           ####......   99%         7    #####..
 Shatter                  Erth           #######...   99%         9    #######
 Ignition                 Fire           ######....   100%        8    #######
 Tornado                  Air            ######....   100%        9    #######


Dungeon Overview and Level Annotations

Branches:
Dungeon (15/15)            Temple (0/1) D:4            Lair (6/6) D:10
 Shoals (4/4) Lair:4        Snake (4/4) Lair:4        Slime (5/5) Lair:5
    Orc (2/2) D:10            Elf (3/3) Orc:2        Vaults (5/5) D:14
  Crypt (0/3) Vaults:3     Depths (5/5) D:15            Zot (4/5) Depths:5
 Bailey (visited)           IceCv (visited)

Altars:
Dithmenos
Elyvilon
Gozag
Hepliaklqana
Kikubaaqudgha
Makhleb
Ru
Sif Muna
Trog
Uskayaw
Vehumet
Xom
Yredelemnul
The Shining One
Beogh
Jiyva

Shops:
D:7 [   D:8 [   D:13 }?*   D:14 *   Orc:2 (*}:}   Lair:5 !=   Shoals:3 =
Snake:3 *   Vaults:2 ![   Vaults:4 (}

Portals:
Hell: Depths:1 Depths:2 Depths:3 Depths:4 Depths:5
Abyss: Depths:4
Pandemonium: Depths:1 Depths:3 Depths:4 Depths:5
Ziggurat: Depths:1

Annotations:
D:3 exclusions: bullfrog, 2 crimson imps, player ghost, rat and 2 more exclusions, Delarado's ghost, amateur OpTm
D:7 3 runed translucent doors, exclusion: downstairs, Crazy Yiuf
D:8 exclusion: ugly thing
D:9 Psyche
D:10 exclusion: troll
Lair:2 exclusion: oklob plant
Shoals:1 exclusion: kraken
Shoals:3 exclusion: kraken
Snake:3 3 runed translucent doors, 1 transporter, exclusion: obsidian statue, Norm's ghost, adept OgFE
Elf:2 2 runed translucent doors
Vaults:1 3 runed translucent doors, Viusuagh's ghost, adept MiSk
Zot:3 1 transporter


Innate Abilities, Weirdness & Mutations

You cannot wear most types of armour.
You are very stealthy in the water. (Stealth+)
You are amphibious.
You can wear up to eight rings at the same time.
You can use your tentacles to constrict eight enemies at once.
Your skin changes colour to match your surroundings (Stealth+).
Your rubbery body absorbs attacks. (AC +1, EV +1)
You possess an exceptional clarity of mind.
You are very clumsy. (Dex -4)
You are frail. (-10% HP)
Your spells are a little harder to cast, but a little more powerful.
You evolve.


Message History

The moth of wrath is charmed.
The death cob closely misses you. The death cob hits you!!
* * * LOW HITPOINT WARNING * * *
The death cob drains your vigour!
You feel yourself slow down.
The purple draconian hits your moth of wrath with a +0 battleaxe!
The death cob misses you.
Unknown command.
Evoke which item? (* to show all) (? for menu, Esc to quit)
Aiming: Enslavement
Press: ? - help, Shift-Dir - straight line, f - death cob, p - moth of wrath
Aim: a death cob (chance to defeat MR: 64%)
The death cob resists with significant effort.
The death cob hits you!!
* * * LOW HITPOINT WARNING * * *
The death cob drains your vigour!
You feel as though you will be slow longer.
The death cob hits you!
* * * LOW HITPOINT WARNING * * *
The purple draconian completely misses your moth of wrath.
The death cob hits you!!
* * * LOW HITPOINT WARNING * * *
The death cob drains your vigour!
You feel as though you will be slow longer.
The purple draconian hits your moth of wrath with a +0 battleaxe!!
The death cob misses you.
Unknown command.
Okay, then.
Unknown command. [a] - 720 gold - resistance, might and haste [b] - 160 gold - heal wounds and curing [c] - 420 gold - haste and brilliance Purchase which effect?
You feel much better.
You feel better. The death cob hits you!!
* * * LOW HITPOINT WARNING * * *
The death cob hits you.
* * * LOW HITPOINT WARNING * * *
The purple draconian hits your moth of wrath with a +0 battleaxe!!
Your moth of wrath dies!
The death cob completely misses you.
You hear a roar!
Okay, then.
Okay, then.
Casting: Regeneration (safe; 1% risk of failure)
Confirm with . or Enter, or press ? or * to list all spells.
You blink. 2 red draconians come into view.
The death cob hits you!!
You die...
Your body crumbles into a pile of gold.

##...........#..z
#########p....#.....###○f
#.......dy>..#...$<..#.d.
...#....###.dy$$.$.##....
...##.....#..d..$#$.......
.......§?#...d...##.......
............##p.§....y...
.........z.##....d......y
........#@##...##......Dd
...#..##.......# #........
.##.^. #..##..... #.$..
##.. ....##.... ....
##...... ... #...... ..
##....# . ##....


You could see a purple draconian, 2 draconians, a death cob and a moth of wrath.

Vanquished Creatures
  Dissolution (Slime:1)
  the Royal Jelly (Slime:5)
  6 juggernauts
  Frederick (Depths:4)
  Saint Roka (Snake:2)
  Bai Suzhen (D:15)
  Xtahua (Vaults:4)
  A curse toe (Zot:4)
  Vashnia (Snake:4)
  Margery (Depths:3)
  A caustic shrike (Depths:4)
  9 golden dragons
  Jory (Vaults:4)
  2 liches (Depths:2)
  An electric golem (Zot:1)
  10 tentacled monstrosities
  5 quicksilver dragons
  8 titans
  2 deep elf master archers (Elf:3)
  A deep elf blademaster (Elf:3)
  Polyphemus (Shoals:4)
  Frances (Elf:1)
  4 death cobs
  16 acid blobs
  A kraken (Shoals:2)
  8 shadow dragons
  8 azure jellies
  3 draconian monks
  7 nagarajas
  7 tengu reavers
  8 storm dragons
  6 fire giants
  12 deep elf sorcerers
  A balrug (Depths:3)
  An iron dragon (Depths:3)
  18 vault wardens
  2 draconian knights (Zot:3)
  2 orc warlords (Orc:2)
  A draconian scorcher (Zot:3)
  8 frost giants
  5 deep elf elementalists
  A draconian annihilator (Zot:4)
  2 draconian shifters
  17 ironheart preservers
  A reaper (Depths:3)
  3 spriggan defenders (Depths:4)
  2 draconian stormcallers
  27 very ugly things
  4 war gargoyles
  15 stone giants
  7 green draconians
  6 vampire knights
  8 deep elf annihilators
  8 deep elf demonologists
  2 black draconians (Zot:3)
  4 red draconians
  3 purple draconians
  5 white draconians
  2 yellow draconians
  7 spark wasps
  A blizzard demon (Depths:3)
  10 fire dragons
  Snorg (Lair:5)
  3 deep elf death magi (Elf:3)
  6 merfolk javelineers
  11 ettins
  10 merfolk impalers
  23 yaktaur captains
  5 death oozes
  9 deep elf high priests
  10 great orbs of eyes
  13 ice dragons
  3 jiangshi (Depths:2)
  Fannar (Orc:1)
  A catoblepas (Shoals:4)
  4 rakshasas
  A spriggan air mage (Depths:4)
  34 vault guards
  Erica (Orc:1)
  21 naga warriors
  5 death knights
  3 merfolk avatars
  4 hydras
  10 anacondas
  46 two-headed ogres
  3 alligator snapping turtles
  2 death yaks (Shoals:4)
  9 centaur warriors
  2 hell hogs (Depths:1)
  3 merfolk aquamancers (Shoals:4)
  20 tengu warriors
  6 deep troll earth magi
  8 deep troll shamans
  A vampire mage (Depths:5)
  15 ogre magi
  A titan zombie (Depths:2)
  3 soul eaters (Depths:3)
  11 naga sharpshooters
  7 shock serpents
  3 sun demons (Depths:3)
  4 orc high priests (Orc:2)
  15 spriggan berserkers
  2 fire crabs (shapeshifter)
  19 deep elf knights
  3 hell knights (Depths:3)
  5 iron trolls
  4 skeletal warriors
  Nergalle (Lair:4)
  4 unseen horrors
  2 quicksilver dragon simulacra (Depths:3)
  4 salamander mystics
  A golden dragon zombie (Depths:2)
  15 sea snakes
  An unseen horror (shapeshifter) (Vaults:1)
  An obsidian statue (D:13)
  6 wizards
  10 flayed ghosts
  5 glowing orange brains
  23 deep trolls
  10 naga ritualists
  13 orc knights
  Pikel (D:5)
  23 harpies
  8 phantasmal warriors
  69 deep elf magi
  16 deep elf archers
  3 sphinx zombies (Depths:2)
  22 mana vipers
  6 necromancers
  A wolf spider zombie (D:15)
  A shadow dragon zombie (Depths:2)
  18 ironbrand convokers
  A manticore (shapeshifter) (Vaults:5)
  6 orc sorcerers
  A fire giant zombie (Depths:1)
  5 shining eyes
  7 wolf spiders
  2 frost giant zombies (Depths:2)
  64 ugly things
  5 tengu skeletons
  7 merfolk sirens
  20 manticores
  16 salamanders
  5 fauns
  8 cyclopes
  9 elephants
  16 naga magi
  A stone giant skeleton (Depths:2)
  3 centaur zombies
  2 sphinx skeletons (Depths:2)
  An orange demon (Depths:4)
  9 vault sentinels
  A torpor snail (Lair:4)
  5 moths of wrath
  2 eyes of devastation
  5 guardian serpents
  An ice statue (Depths:3)
  37 black mambas
  9 rust devils
  A storm dragon simulacrum (Depths:1)
  2 kobold demonologists
  3 water nymphs
  23 spiny frogs
  A komodo dragon (shapeshifter) (Depths:4)
  9 freezing wraiths
  A hellwing (Depths:4)
  2 rime drakes
  64 yaktaurs
  A tormentor (Depths:4)
  11 komodo dragons
  5 red devils
  4 tengu conjurers
  An ice devil (Depths:3)
  4 wind drakes
  3 meliai (D:13)
  A hornet (shapeshifter) (D:15)
  A polar bear (Lair:3)
  A queen bee (shapeshifter) (Vaults:5)
  10 trolls
  4 tyrant leeches (Lair:6)
  6 hornets
  37 merfolk
  14 hippogriffs
  94 slime creatures
  23 blink frogs
  A raiju (shapeshifter) (Vaults:3)
  An ettin zombie (Depths:2)
  5 flying skulls
  15 dream sheep
  2 spriggans (Depths:4)
  10 snapping turtles
  6 shadows
  4 air elementals
  9 wraiths
  4 wyverns
  An ettin skeleton (Depths:1)
  4 fire elementals
  33 yaks
  3 basilisks
  16 humans (D:14)
  A steam dragon (D:12)
  22 water elementals
  4 golden eyes (Slime:4)
  A basilisk (shapeshifter) (D:15)
  A steam dragon (shapeshifter) (Vaults:5)
  2 neqoxecs (Depths:4)
  67 nagas
  15 vampire mosquitoes
  2 hungry ghosts
  7 wargs
  11 hell hounds
  6 acid dragons
  An insubstantial wisp (Lair:5)
  11 water moccasins
  A floating eye (Depths:5)
  A floating eye (shapeshifter) (Elf:3)
  6 porcupines
  3 black bears
  2 sky beasts
  3 slaves (D:5)
  60 orc warriors
  11 ice beasts
  5 ettin simulacra
  5 eyes of draining
  A swamp drake (Lair:5)
  5 phantoms
  17 centaurs
  50 ogres
  2 necrophages
  12 boggarts
  6 crocodiles
  7 big kobolds
  A bullfrog (shapeshifter) (Depths:3)
  An earth elemental (Elf:2)
  21 bullfrogs
  A wyvern zombie (D:15)
  7 scorpions
  4 killer bees (D:10)
  3 electric eels
  7 wights
  3 howler monkeys
  2 bullfrog zombies
  7 crimson imps
  5 centaur skeletons
  3 quasits
  7 hounds
  11 jellies
  20 orc wizards
  36 orc priests
  2 gnoll shamans
  A bullfrog skeleton (D:4)
  3 iron imps (Depths:4)
  Natasha (D:2)
  4 iguanas
  9 worker ants
  A centaur simulacrum (D:10)
  A hound skeleton (D:10)
  A worker ant zombie (D:9)
  11 gnolls
  15 adders
  A howler monkey skeleton (D:7)
  6 shadow imps
  15 white imps
  2 oozes
  An adder zombie (D:10)
  2 adder skeletons
  2 worms
  5 dart slugs
  5 leopard geckos
  124 orcs
  4 ball pythons
  6 giant cockroaches
  8 goblins
  6 hobgoblins
  7 jackals
  26 kobolds
  A quokka (shapeshifter) (D:15)
  4 quokkas
  9 bats
  5 frilled lizards
  2 giant cockroach zombies (D:5)
  A jackal skeleton (D:4)
  A leopard gecko zombie (D:8)
  12 rats
  A butterfly (Lair:3)
  6 fungi
  10 plants
  3 tentacles (Shoals:2)
2444 creatures vanquished.

Vanquished Creatures (collateral kills)
  2 acid blobs (Slime:5)
  Aizul (Snake:3)
  An orc sorcerer (Orc:1)
  A manticore (Shoals:3)
  A slime creature (Slime:5)
  2 eyes of draining (Slime:5)
8 creatures vanquished.

Vanquished Creatures (others)
  An ogre mage (Vaults:2)
  A two-headed ogre (Vaults:2)
  32 dancing weapons
  A naga sharpshooter (Snake:3)
  An orc knight (Orc:2)
  A faun (Shoals:1)
  A moth of wrath (Zot:4)
  4 merfolk (Shoals:3)
  A naga (Snake:4)
  An ogre (Vaults:3)
  An orc (Vaults:2)
  A kobold (Bailey)
  4 bushes (Lair:6)
  25 fungi
  105 plants
  3 spectral weapons
  31 tentacles (Shoals:2)
214 creatures vanquished.

Grand Total: 2666 creatures vanquished

Notes
Turn   | Place    | Note
-------+----------+-------------------------------------------
     0 | D:1      | Flugkiller the Octopode Hunter began the quest for the Orb.
     0 | D:1      | Reached XP level 1. HP: 14/14 MP: 1/1
   156 | D:1      | Reached XP level 2. HP: 17/19 MP: 2/2
   910 | D:1      | Reached XP level 3. HP: 11/24 MP: 3/3
  1452 | D:2      | Reached skill level 5 in Stealth
  1676 | D:2      | Reached XP level 4. HP: 11/30 MP: 4/4
  2544 | D:2      | Noticed Natasha
  2556 | D:2      | Killed Natasha
  2556 | D:2      | Reached XP level 5. HP: 16/37 MP: 5/5
  2758 | D:2      | You fall into a shaft and drop 2 floors!
  3781 | D:3      | Found a hazy altar of Hepliaklqana.
  3858 | D:3      | Found a shimmering altar of Xom.
  3886 | D:3      | Found a runed translucent gate.
  3886 | D:3      | Found a runed translucent gate.
  3886 | D:3      | Found an opulent altar of Gozag.
  3886 | D:3      | Found a runed translucent gate.
  3886 | D:3      | Noticed Delarado's ghost (amateur OpTm)
  3926 | D:3      | Reached XP level 6. HP: 45/45 MP: 6/6
  3961 | D:3      | Became a worshipper of Gozag Ym Sagoz the Greedy
  4077 | D:3      | Reached skill level 5 in Fighting
  4480 | D:4      | Found an ancient bone altar of Kikubaaqudgha.
  4511 | D:4      | Noticed a phantom
  4515 | D:3      | Reached skill level 1 in Spellcasting
  4904 | D:4      | Killed a phantom
  4904 | D:4      | Reached XP level 7. HP: 37/50 MP: 8/10
  4926 | D:4      | Found a staircase to the Ecumenical Temple.
  5201 | D:4      | Learned a level 2 spell: Blink
  5205 | D:4      | Learned a level 3 spell: Conjure Flame
  5389 | D:5      | Entered Level 5 of the Dungeon
  5490 | D:4      | Reached skill level 1 in Conjurations
  5490 | D:4      | Reached skill level 1 in Translocations
  5490 | D:4      | Reached skill level 1 in Fire Magic
  5800 | D:5      | Reached XP level 8. HP: 42/53 MP: 11/11
  6278 | D:5      | Learned a level 1 spell: Confusing Touch
  6379 | D:5      | Got a twisted hand axe
  6547 | D:6      | Noticed Pikel
  6905 | D:5      | Killed Pikel
  6905 | D:5      | Reached skill level 5 in Dodging
  7136 | D:6      | Identified the +10 hand axe of Enisousa {chop, Int+2} (You
                  | found it on level 5 of the Dungeon)
  7694 | D:6      | Reached XP level 9. HP: 39/59 MP: 12/12
  8152 | D:6      | Found a hide-covered altar of Uskayaw.
  8152 | D:6      | Found a burning altar of Makhleb.
  8907 | D:7      | Found Ovamiudgh's Antique Armour Shop.
  9290 | D:7      | Found a runed translucent door.
  9410 | D:7      | Found a runed translucent door.
  9411 | D:7      | Noticed Crazy Yiuf
  9593 | D:7      | Found a runed translucent door.
  9641 | D:8      | Found Zibenud's Armour Emporium.
  9641 | D:8      | Noticed a red ugly thing
 10266 | D:8      | Reached XP level 10. HP: 50/66 MP: 13/13
 10596 | D:8      | Reached skill level 5 in Crossbows
 11144 | D:9      | Reached skill level 6 in Crossbows
 11220 | D:9      | Identified the +4 quarterstaff of Amioduf {freeze, Str+4}
 11222 | D:9      | Noticed Psyche
 11576 | D:8      | Reached skill level 7 in Crossbows
 12244 | D:9      | Noticed a tengu warrior
 12375 | D:9      | Noticed a spiny frog
 12397 | D:9      | Noticed a guardian serpent
 12398 | D:9      | Noticed a cyclops
 12398 | D:9      | a guardian serpent changed into a cyclops
 12406 | D:9      | Noticed an elephant
 12406 | D:9      | a cyclops changed into an elephant
 12584 | D:8      | Reached skill level 10 in Dodging
 12691 | D:9      | Noticed a death drake
 12773 | D:9      | Noticed an ice dragon
 12803 | D:10     | Entered Level 10 of the Dungeon
 13210 | D:10     | Found a staircase to the Orcish Mines.
 13217 | D:10     | Identified the +5 broad axe "Zuucle" {venom, MR+ Str+5
                  | Int+3}
 13339 | D:10     | Reached skill level 1 in Axes
 13594 | D:10     | Found a staircase to the Lair.
 13724 | D:10     | Noticed a two-headed ogre
 13749 | D:10     | Killed a two-headed ogre
 13749 | D:10     | Reached XP level 11. HP: 70/70 MP: 2/14
 14068 | Lair:1   | Entered Level 1 of the Lair of Beasts
 14552 | Lair:1   | Noticed an eight-headed hydra
 14587 | Lair:1   | Reached skill level 5 in Axes
 14757 | Lair:1   | Reached skill level 1 in Evocations
 15206 | Lair:1   | Reached skill level 5 in Evocations
 15742 | Lair:1   | Killed an eight-headed hydra
 16044 | Lair:2   | Found a frozen archway.
 16338 | IceCv    | Entered an ice cave
 16545 | IceCv    | Noticed a white ugly thing
 16669 | IceCv    | Killed a white ugly thing
 17338 | Lair:2   | Reached XP level 12. HP: 78/84 MP: 15/15
 17919 | Lair:2   | Found a basalt altar of Yredelemnul.
 19848 | Lair:4   | Found a staircase to the Shoals.
 19906 | Lair:4   | Noticed Nergalle
 20067 | Lair:4   | Reached skill level 10 in Fighting
 20104 | Lair:4   | Noticed a six-headed hydra
 20662 | Lair:4   | Killed Nergalle
 20769 | Lair:4   | Killed a six-headed hydra
 20870 | Lair:4   | Reached skill level 8 in Crossbows
 20947 | Lair:4   | Found a staircase to the Snake Pit.
 21451 | Lair:5   | Noticed Snorg
 21704 | Lair:5   | Reached skill level 9 in Crossbows
 21820 | Lair:5   | You fall into a shaft and drop 1 floor!
 21820 | Lair:6   | Entered Level 6 of the Lair of Beasts
 22095 | Lair:4   | Reached skill level 10 in Crossbows
 22342 | Lair:5   | Reached XP level 13. HP: 92/92 MP: 16/16
 22355 | Lair:5   | Got a twisted great sword
 22635 | Lair:5   | Identified the +6 great sword of Beogh's Reproof {vamp,
                  | rPois rC- rN+} (You found it on level 5 of the Lair of
                  | Beasts)
 22653 | Lair:5   | Found a staircase to the Slime Pits.
 24457 | Lair:5   | Bought the ring "Riptah" {*Drain +Blink rElec rPois rF+
                  | rC+} for 877 gold pieces
 24469 | Lair:5   | Bought a potion of lignification for 45 gold pieces
 24469 | Lair:5   | Bought a potion of invisibility for 120 gold pieces
 24695 | Lair:5   | Found a staircase to the Slime Pits.
 25138 | Lair:5   | Killed Snorg
 27918 | Lair:6   | Reached XP level 14. HP: 61/101 MP: 14/19
 28674 | Lair:6   | Reached skill level 10 in Axes
 30517 | D:7      | Bought a brightly glowing hat for 234 gold pieces
 30524 | D:7      | Identified the +1 hat of Agazootta {Slay+4} (You bought it
                  | in a shop on level 7 of the Dungeon)
 31616 | D:12     | Gained mutation: Your body sometimes deteriorates upon
                  | taking damage. [potion of mutation]
 31616 | D:12     | Gained mutation: Your mind is acute. (Int +2) [potion of
                  | mutation]
 31633 | D:12     | Lost mutation: Your body sometimes deteriorates upon taking
                  | damage. [potion of mutation]
 31633 | D:12     | Lost mutation: Your mind is acute. (Int +2) [potion of
                  | mutation]
 31633 | D:12     | Gained mutation: You expend magic power (3 MP) to
                  | strengthen your wands. [potion of mutation]
 31633 | D:12     | Gained mutation: Your spells are a little harder to cast,
                  | but a little more powerful. [potion of mutation]
 32188 | D:12     | Got a scintillating zirconium amulet
 32194 | D:12     | Identified the amulet of the Cuttlefish {Reflect Dex+8 SH+4
                  | Stlth-} (You found it on level 12 of the Dungeon)
 33598 | D:12     | Learned a level 6 spell: Statue Form
 33708 | D:12     | Got a pitted pewter amulet
 33754 | D:12     | Reached skill level 1 in Transmutations
 33756 | D:12     | Reached skill level 1 in Earth Magic
 34205 | D:13     | Found Lotih's Assorted Antiques.
 34219 | D:13     | Found Ushihuri's Magic Scroll Boutique.
 34252 | D:13     | Bought a scroll of fog for 38 gold pieces
 34257 | D:13     | Bought a ring of protection for 40 gold pieces
 34265 | D:13     | Bought an encrusted glass wand for 80 gold pieces
 34333 | D:13     | Found Nucerurei's Gadget Shop.
 35240 | D:13     | Reached XP level 15. HP: 106/106 MP: 20/20
 36041 | D:14     | Found Loebolenua's General Store.
 36212 | D:14     | Reached skill level 1 in Polearms
 36288 | D:14     | Found a glowing golden altar of the Shining One.
 36514 | D:15     | Entered Level 15 of the Dungeon
 36540 | D:15     | Found a shadowy altar of Dithmenos.
 36686 | D:13     | Bought a scroll of enchant weapon for 142 gold pieces
 36914 | D:15     | Found a white marble altar of Elyvilon.
 37289 | D:15     | Identified the amulet "Ycuil" {Reflect *Corrode rF+++ rC+
                  | Int-2 SH+5} (You found it on level 12 of the Dungeon)
 38423 | D:15     | Found a staircase to the Depths.
 38777 | Orc:1    | Entered Level 1 of the Orcish Mines
 38901 | Orc:1    | Found a flagged portal.
 38913 | Bailey   | Entered a bailey
 39192 | Bailey   | Got a brightly glowing short sword
 39474 | Orc:1    | Noticed Erica
 39479 | Orc:1    | Killed Erica
 39489 | Orc:1    | Noticed Fannar
 39503 | Orc:1    | Killed Fannar
 39503 | Orc:1    | Reached skill level 5 in Spellcasting
 39560 | Orc:1    | Found a bloodstained altar of Trog.
 39696 | Orc:2    | Entered Level 2 of the Orcish Mines
 40115 | Orc:2    | Found a roughly hewn altar of Beogh.
 40208 | Orc:2    | Reached skill level 5 in Earth Magic
 40213 | Orc:2    | Reached skill level 5 in Transmutations
 40277 | Orc:2    | Found Ugeisk's Gadget Boutique.
 40277 | Orc:2    | Noticed an orc warlord
 40287 | Orc:2    | Killed an orc warlord
 40509 | Orc:2    | Bought a wand of clouds (5) for 270 gold pieces
 40515 | Orc:2    | Found Detygog's Gadget Shop.
 40970 | Orc:2    | Identified Eperer's Advanced Spellweaving
 41187 | Orc:2    | Found a staircase to the Elven Halls.
 41570 | Orc:2    | Reached skill level 5 in Polearms
 41583 | Orc:2    | Noticed an orc warlord
 41717 | Orc:2    | Killed an orc warlord
 41717 | Orc:2    | Reached XP level 16. HP: 112/112 MP: 23/25
 41758 | Orc:2    | Found a roughly hewn altar of Beogh.
 41789 | Orc:2    | Found Haogix's Antique Weapon Shop.
 41858 | Orc:2    | Found Tapuol's General Store.
 42198 | Orc:2    | Bought a ration for 55 gold pieces
 42198 | Orc:2    | Bought a ration for 55 gold pieces
 42198 | Orc:2    | Bought a ration for 55 gold pieces
 42198 | Orc:2    | Bought a ration for 55 gold pieces
 42198 | Orc:2    | Bought a ration for 55 gold pieces
 42198 | Orc:2    | Bought a ration for 55 gold pieces
 42198 | Orc:2    | Bought a ration for 55 gold pieces
 42198 | Orc:2    | Bought a ration for 55 gold pieces
 42198 | Orc:2    | Bought a ration for 55 gold pieces
 42400 | Snake:1  | Entered Level 1 of the Snake Pit
 43737 | Snake:1  | Identified Wecre's Volume of Arcane Weapons and the
                  | Arsonist
 44833 | Snake:2  | Noticed a nagaraja
 45058 | Shoals:1 | Entered Level 1 of the Shoals
 45682 | Shoals:1 | Noticed a kraken
 48167 | Shoals:2 | Noticed a kraken
 48366 | Shoals:2 | Killed a kraken
 48861 | Shoals:3 | Reached XP level 17. HP: 66/117 MP: 26/26
 49387 | Shoals:3 | Identified a scroll of acquirement
 49753 | Shoals:3 | Got an ichor-stained buckler
 49759 | Shoals:3 | Identified the +3 buckler of Sloth {Int+3} (You acquired it
                  | on level 3 of the Shoals)
 49877 | Shoals:3 | Reached skill level 1 in Shields
 50544 | Shoals:3 | Noticed a kraken
 51491 | Snake:2  | Noticed Saint Roka
 52333 | Snake:2  | Reached skill level 10 in Transmutations
 52333 | Snake:2  | Reached skill level 10 in Earth Magic
 53244 | Snake:2  | Killed Saint Roka
 53244 | Snake:2  | Reached skill level 10 in Polearms
 54081 | Snake:3  | Found Vyinlora's Mass Market.
 54148 | Snake:3  | Found a runed translucent gate.
 54148 | Snake:3  | Found a runed translucent gate.
 54148 | Snake:3  | Found an opulent altar of Gozag.
 54202 | Snake:3  | Found a runed translucent gate.
 54205 | Snake:3  | Noticed Norm's ghost (adept OgFE)
 54240 | Snake:3  | Found a transporter.
 54252 | Snake:3  | Found a radiant altar of Vehumet.
 54625 | Snake:3  | Reached XP level 18. HP: 73/124 MP: 27/27
 55042 | Snake:3  | Noticed Aizul
 55162 | Snake:3  | Killed Aizul
 55773 | Snake:4  | Entered Level 4 of the Snake Pit
 57561 | Snake:4  | Noticed Vashnia
 57634 | Snake:4  | Killed Vashnia
 59394 | Snake:4  | Reached skill level 10 in Spellcasting
 60712 | Snake:4  | Reached XP level 19. HP: 123/128 MP: 32/34
 60718 | Snake:4  | Got a serpentine rune of Zot
 61016 | Shoals:4 | Entered Level 4 of the Shoals
 61233 | Shoals:3 | Bought the amulet "Emyacygo" {Regen+ Int+6} for 793 gold
                  | pieces
 61239 | Shoals:3 | Bought a ration for 50 gold pieces
 61239 | Shoals:3 | Bought a ration for 50 gold pieces
 61239 | Shoals:3 | Bought a ration for 50 gold pieces
 61239 | Shoals:3 | Bought a ration for 50 gold pieces
 61239 | Shoals:3 | Bought a ration for 50 gold pieces
 61239 | Shoals:3 | Bought a ration for 50 gold pieces
 61239 | Shoals:3 | Bought a ration for 50 gold pieces
 61239 | Shoals:3 | Bought a ration for 50 gold pieces
 61239 | Shoals:3 | Bought a ration for 50 gold pieces
 61239 | Shoals:3 | Bought a ration for 50 gold pieces
 61239 | Shoals:3 | Bought a ration for 50 gold pieces
 61239 | Shoals:3 | Bought a ration for 50 gold pieces
 61239 | Shoals:3 | Bought a ration for 50 gold pieces
 61239 | Shoals:3 | Bought a ration for 50 gold pieces
 61391 | Shoals:4 | Learned a level 5 spell: Irradiate
 61804 | Shoals:4 | Noticed Polyphemus
 61827 | Shoals:4 | Killed Polyphemus
 61994 | Shoals:4 | Lost mutation: You expend magic power (3 MP) to strengthen
                  | your wands. [potion of mutation]
 61994 | Shoals:4 | Lost mutation: Your spells are a little harder to cast, but
                  | a little more powerful. [potion of mutation]
 61994 | Shoals:4 | Gained mutation: You have a pair of small antennae on your
                  | head. [potion of mutation]
 61994 | Shoals:4 | Gained mutation: Your muscles are strong. (Str +2) [potion
                  | of mutation]
 62000 | Shoals:4 | Lost mutation: Your muscles are strong. (Str +2) [potion of
                  | mutation]
 62000 | Shoals:4 | Lost mutation: You have a pair of small antennae on your
                  | head. [potion of mutation]
 62000 | Shoals:4 | Gained mutation: One of your tentacles bears a spike.
                  | [potion of mutation]
 62000 | Shoals:4 | Gained mutation: You evolve. [potion of mutation]
 62000 | Shoals:4 | Gained mutation: You are agile. (Dex +2) [potion of
                  | mutation]
 62296 | Shoals:4 | Lost mutation: One of your tentacles bears a spike. [potion
                  | of mutation]
 62296 | Shoals:4 | Lost mutation: You are agile. (Dex +2) [potion of mutation]
 62296 | Shoals:4 | Gained mutation: Your spells are a little harder to cast,
                  | but a little more powerful. [potion of mutation]
 62296 | Shoals:4 | Gained mutation: Your muscles are strong. (Str +2) [potion
                  | of mutation]
 62406 | Shoals:4 | Got a barnacled rune of Zot
 62738 | Shoals:3 | Bought the ring of the Mage {Wiz MR++ Int+3} for 827 gold
                  | pieces
 62738 | Shoals:3 | Found the ring of the Mage {Wiz MR++ Int+3}
 62989 | Elf:1    | Entered Level 1 of the Elven Halls
 63074 | Elf:1    | Noticed Frances
 63085 | Elf:1    | Killed Frances
 64103 | Elf:1    | Identified the Handbook of Creative Attacks
 64427 | Elf:2    | Reached skill level 15 in Dodging
 64698 | Elf:2    | Found a large runed translucent door.
 64698 | Elf:2    | Found a large runed translucent door.
 64727 | Elf:2    | Found a large runed translucent door.
 64727 | Elf:2    | Found a large runed translucent door.
 64866 | Elf:2    | Reached XP level 20. HP: 136/137 MP: 36/36
 65016 | Elf:2    | Gained mutation: Your muscles are very strong. (Str +4)
                  | [evolution]
 65065 | Elf:2    | Found a bloodstained altar of Trog.
 66066 | Elf:3    | Entered Level 3 of the Elven Halls
 66391 | Elf:3    | Found a shimmering blue altar of Sif Muna.
 66723 | Elf:3    | Learned a level 6 spell: Deflect Missiles
 66858 | Elf:3    | Reached skill level 1 in Charms
 66858 | Elf:3    | Reached skill level 1 in Air Magic
 67078 | Elf:3    | Identified the +3 falchion of Cowardice {freeze, *Slow rC+
                  | Int+4}
 67096 | Elf:3    | Identified the +7 falchion "Ziastell" {slice, +Inv rC- MR+}
 67143 | Elf:3    | Identified the +2 spear of Mutilation {pierce, Dex+4}
 67167 | Elf:3    | Identified the +1 short sword "Istriaj" {chaos, rN+}
 67229 | Elf:3    | Identified the ring of Yjav {Wiz rF+++ rN+ MR+ Str-3}
 67409 | Elf:3    | Reached skill level 5 in Charms
 67409 | Elf:3    | Reached skill level 5 in Air Magic
 67622 | Elf:3    | Reached XP level 21. HP: 143/143 MP: 39/39
 67795 | Elf:3    | Identified the Handbook of Evil and Curses
 67833 | Elf:3    | Identified the Disquisition on Mutagenic Poisoning
 68300 | D:13     | Found a gateway to a bazaar.
 68519 | D:14     | Found a gate to the Vaults.
 68771 | Bazaar   | Entered a bazaar
 68771 | Bazaar   | Found Foschuz's Distillery.
 68775 | Bazaar   | Bought a potion of mutation for 72 gold pieces
 68775 | Bazaar   | Bought a potion of heal wounds for 45 gold pieces
 68778 | Bazaar   | Found Vavac's Gadget Boutique.
 68786 | Bazaar   | Found Raugish's Antique Armour Boutique.
 68797 | Bazaar   | Found Decsideu's General Store.
 68805 | Bazaar   | Bought a ration for 60 gold pieces
 68813 | Bazaar   | Found Sukeof's Antique Weapon Shop.
 68835 | Bazaar   | Bought a glowing triple crossbow for 351 gold pieces
 68846 | Bazaar   | Bought a crystal trident for 229 gold pieces
 68846 | Bazaar   | Identified the +6 trident of Unann {holy, rC+ MR+} (You
                  | bought it in a shop in a bazaar)
 68882 | Bazaar   | Bought a wand of acid (9) for 312 gold pieces
 68905 | Bazaar   | Bought a wand of digging (6) for 220 gold pieces
 68905 | Bazaar   | Bought a box of beasts for 220 gold pieces
 69080 | Vaults:1 | Entered Level 1 of the Vaults
 69161 | Vaults:1 | Got a polished arbalest
 69212 | Vaults:1 | Identified the +5 arbalest of Ointment {flame, rC+ Dex+4}
                  | (You found it on level 1 of the Vaults)
 70448 | Vaults:1 | Identified the cursed +1 demon trident of Kut Oro {pain,
                  | +Inv rC+}
 70448 | Vaults:1 | Noticed Viusuagh's ghost (adept MiSk)
 70449 | Vaults:1 | Found a runed translucent gate.
 70449 | Vaults:1 | Found a runed translucent gate.
 70449 | Vaults:1 | Found a runed translucent gate.
 70454 | Vaults:1 | Found a roughly hewn altar of Beogh.
 70868 | Vaults:2 | Reached skill level 10 in Evocations
 70937 | Vaults:2 | Identified the amulet "Riyvuehe" {+Rage rElec rF+++ rC++
                  | Slay-2} (You found it on level 2 of the Vaults)
 71272 | Vaults:2 | Found Kainunynk's Distillery.
 71480 | Vaults:2 | Found Moan's Armour Shop.
 71801 | Vaults:2 | Found Xulusaz's Antique Weapon Shop.
 72270 | Vaults:2 | Reached XP level 22. HP: 100/155 MP: 36/40
 72796 | Vaults:3 | Found a staircase to the Crypt.
 72796 | Vaults:3 | Found an ancient bone altar of Kikubaaqudgha.
 72797 | Vaults:3 | Found a basalt altar of Yredelemnul.
 72822 | Vaults:3 | Reached skill level 15 in Fighting
 72932 | Vaults:3 | Gained mutation: You are clumsy. (Dex -2) [evolution]
 73982 | Vaults:4 | Noticed Jory
 74048 | Vaults:4 | Killed Jory
 74140 | Vaults:4 | Reached skill level 15 in Evocations
 74549 | Vaults:4 | Learned a level 3 spell: Spectral Weapon
 74873 | Vaults:4 | Noticed Xtahua
 74889 | Vaults:4 | Killed Xtahua
 75369 | Vaults:4 | Reached XP level 23. HP: 147/163 MP: 41/41
 76319 | Slime:1  | Entered Level 1 of the Pits of Slime
 76390 | Slime:2  | Noticed Dissolution
 76396 | Slime:2  | Gained mutation: You are frail. (-10% HP) [a shining eye]
 76396 | Slime:2  | Paralysed by a floating eye for 3 turns
 76400 | Slime:2  | Gained mutation: You are very clumsy. (Dex -4) [a shining
                  | eye]
 76417 | Slime:1  | Paralysed by a floating eye for 3 turns
 76423 | Slime:1  | Killed Dissolution
 76549 | Slime:1  | Learned a level 4 spell: Summon Lightning Spire
 77482 | Slime:5  | Entered Level 5 of the Pits of Slime
 77799 | Slime:5  | Noticed the Royal Jelly
 77947 | Slime:5  | Gained mutation: You possess an exceptional clarity of
                  | mind. [evolution]
 78479 | Slime:5  | Found a viscous altar of Jiyva.
 78513 | Slime:5  | Found the +10 zealot's sword {holy, *Rage rN+ EV+3}
 78525 | Slime:5  | Killed the Royal Jelly
 78533 | Slime:5  | Found the cursed necklace of Bloodlust {*Rage +Rage MR++
                  | Int-3 Slay+6 *Curse}
 78681 | Slime:5  | Got a slimy rune of Zot
 79224 | Depths:1 | Entered Level 1 of the Depths
 79500 | Depths:1 | Reached XP level 24. HP: 125/157 MP: 41/41
 79835 | Depths:1 | Noticed Bai Suzhen
 79956 | D:15     | Killed Bai Suzhen
 80344 | Depths:1 | Found a gateway to a ziggurat.
 80576 | Depths:1 | Found a gateway to Hell.
 80966 | Depths:1 | Found a one-way gate leading to the halls of Pandemonium.
 81012 | Depths:1 | Noticed a juggernaut
 81022 | Depths:1 | Killed a juggernaut
 81062 | Depths:1 | Identified Muelergha's Volume of Gliding Evil
 82475 | Depths:2 | Got a pitted battleaxe
 82521 | Depths:2 | Identified the +8 battleaxe "Pajimaics" {venom, +Rage Str+4
                  | Dex+3} (You found it on level 2 of the Depths)
 83309 | Depths:3 | Found a hide-covered altar of Uskayaw.
 83369 | Depths:3 | Reached XP level 25. HP: 168/168 MP: 32/41
 83382 | Depths:3 | Reached skill level 11 in Crossbows
 83587 | Depths:3 | Found a sacrificial altar of Ru.
 83813 | Depths:3 | Identified the +0 arbalest "Erimpuof" {velocity, Dex+5}
                  | (You acquired it on level 3 of the Depths)
 83841 | Depths:3 | Identified the amulet of Birdsong {+Rage rF+ rC+ rN+ Str-2}
 83897 | Depths:3 | Noticed a juggernaut
 83899 | Depths:3 | Noticed a juggernaut
 83908 | Depths:3 | Killed a juggernaut
 83908 | Depths:3 | Reached skill level 12 in Crossbows
 83912 | Depths:3 | Killed a juggernaut
 83922 | Depths:3 | Noticed Margery
 83938 | Depths:3 | Killed Margery
 84314 | Depths:3 | Reached skill level 13 in Crossbows
 84386 | Depths:3 | Noticed a juggernaut
 84395 | Depths:3 | Killed a juggernaut
 84416 | Depths:3 | Found a shimmering blue altar of Sif Muna.
 85056 | Depths:3 | Found a glowing golden altar of the Shining One.
 85069 | Depths:3 | Reached skill level 14 in Crossbows
 85920 | Depths:3 | Lost mutation: Your muscles are very strong. (Str +4)
                  | [evolution]
 86152 | Depths:4 | Reached skill level 15 in Crossbows
 86741 | Depths:4 | Reached XP level 26. HP: 176/176 MP: 36/41
 86754 | Depths:4 | Got a warped shortbow
 86755 | Depths:4 | Identified the +9 shortbow "Vumis" {freeze, rN+} (You found
                  | it on level 4 of the Depths)
 86919 | Depths:4 | Noticed Frederick
 86933 | Depths:4 | Killed Frederick
 86933 | Depths:4 | Reached skill level 16 in Crossbows
 87198 | Depths:4 | Noticed a juggernaut
 87214 | Depths:4 | Killed a juggernaut
 87714 | Depths:4 | Reached skill level 17 in Crossbows
 87916 | Depths:4 | Learned a level 2 spell: Passwall
 87926 | Depths:4 | Found a one-way gate to the infinite horrors of the Abyss.
 88032 | Depths:5 | Entered Level 5 of the Depths
 88197 | Depths:5 | Learned a level 3 spell: Regeneration
 88492 | Depths:5 | Found a gate to the Realm of Zot.
 88910 | Depths:5 | Reached skill level 18 in Crossbows
 89445 | Depths:5 | Noticed a juggernaut
 89450 | Depths:5 | Killed a juggernaut
 89706 | Depths:5 | Reached skill level 19 in Crossbows
 91378 | Vaults:5 | Entered Level 5 of the Vaults
 91461 | Vaults:5 | Reached XP level 27. HP: 170/180 MP: 38/41
 91497 | Vaults:5 | Reached skill level 20 in Crossbows
 91555 | Vaults:5 | Identified the ring "Xanu" {rF+ Int+3 Dex+4}
 91666 | Vaults:5 | Identified Sif Muna's Incunabulum of Execration
 91679 | Vaults:5 | Identified the cursed +0 halberd "Dusesik" {chop, Str+4}
 91778 | Vaults:5 | Reached skill level 21 in Crossbows
 92339 | Vaults:5 | Lost mutation: Your muscles are strong. (Str +2)
                  | [evolution]
 92450 | Vaults:5 | Identified the +10 great sword "Lusoid" {slice, Stlth+}
 92492 | Vaults:5 | Reached skill level 22 in Crossbows
 92577 | Vaults:5 | Got a silver rune of Zot
 92970 | Vaults:5 | Identified Elokhlie's Tome of Boosts and Creation
 92979 | Vaults:5 | Identified the Catalogue of the Mantidfly
 93446 | Vaults:5 | Identified the Reference Book on Confrontation
 94032 | Zot:1    | Entered Level 1 of the Realm of Zot
 94357 | Zot:3    | Reached skill level 23 in Crossbows
 95086 | Zot:3    | Found a transporter.
 95087 | Zot:3    | Found the +2 Maxwell's thermic engine {flame, freeze}
 95383 | Zot:4    | Mangled by a death cob

Levels and vault maps discovered:
D:1:      evilmike_arrival_run_for_it, layout_loops_corners
D:2:      layout_loops_ring, first_ration, uniq_natasha
D:3:      layout_loops_ring, lemuel_coloured_pillars_altar, ebering_ghost_gozag,
          led_xom_imps
D:4:      layout_cave_pools, lemuel_crystal_altar, minmay_temple_entry_slanted,
          serial_glass, glass_columns_a, glass_columns_c
D:5:      layout_basic, kennysheep_path_1
D:6:      layout_layer_cave, nicolae_overflow_hidden_temple,
          lexackson_kobold_supper, uniq_pikel
D:7:      lemuel_insect_pit, layout_rooms, serial_shops, shop,
          uniq_crazy_yiuf_cottage
D:8:      layout_loops_cross, serial_shops, shop
D:9:      minmay_cut_squares, layout_basic, uniq_psyche
D:10:     layout_loops_corners, david_lair_shrubbed, david_orc_2,
          hangedman_fish_farm, hangedman_weighted_door
D:11:     layout_roguey
D:12:     minmay_spiral_squares, layout_loops_ring,
          minmay_misc_feat_secret_circle
D:13:     layout_basic, serial_shops, statue_bzr, kennysheep_mini_moat, shop,
          nicolae_shop_crystal
D:14:     layout_roguey, grunt_vaults_entry_tiered, kennysheep_pointless_box,
          serial_shops, nicolae_shop_trees, basic_altar
D:15:     gammafunk_enter_depths_forms, layout_cave_pods, elyvilon_altar_1,
          grunt_dithmenos_smoke_and_mirrors
Lair:1:   layout_cave_shapes
Lair:2:   layout_regular_city, portal_ice_cave_entry_imps, minivault_19,
          lemuel_oklob_altar
Lair:3:   layout_loops_ring, grunt_megastairs_3, lemuel_fruit_fields
Lair:4:   layout_regular_city, minmay_shoals_entry_hut, dummy_snake_entry,
          uniq_nergalle
Lair:5:   layout_cave_pods, nicolae_slime_entry_slimehenge, st_stairs_11, pond,
          uniq_snorg
Lair:6:   minmay_lair_end_frog_pond, layout_cave_pods, serial_forest,
          infiniplex_forest_clump_medium, infiniplex_forest_clump_double,
          infiniplex_forest_end_1, infiniplex_forest_clump_medium,
          infiniplex_forest_3_way, infiniplex_forest_side_room, minivault_19,
          serial_bayou_shore_a
Shoals:1: layout_shoals, nicolae_shoals_water_elemental_grotto
Shoals:2: layout_shoals
Shoals:3: layout_shoals
Shoals:4: shoals_end_grunt_ice, layout_shoals, uniq_polyphemus
Snake:1:  layout_rooms
Snake:2:  layout_honeycomb, st_stairs_14, uniq_saint_roka
Snake:3:  gammafunk_sealed_library, layout_cave_town, ebering_ghost_gozag,
          minmay_shop_mass, drop_trap, uniq_aizul
Snake:4:  johnstein_snake_rune_scales, layout_basic, serial_bayou_pond_a,
          uniq_vashnia
Slime:1:  layout_caves
Slime:2:  layout_caves, uniq_dissolution
Slime:3:  layout_caves
Slime:4:  layout_caves
Slime:5
Orc:1:    layout_diamond_mine, enter_bailey_2, trog_butcher_becter, uniq_fannar,
          uniq_erica
Orc:2:    pubby_orc_utopia
Elf:1:    layout_geoelf_grid, minmay_elf_sorcery, evilmike_minifort,
          uniq_frances
Elf:2:    layout_onion_city, evilmike_spriggan_trog_shrine
Elf:3:    minmay_elf_hall_quartered_circle, layout_geoelf_octagon, basic_altar,
          grunt_megastairs_4
Vaults:1: biasface_vaults_ghost_orc_armoury, grunt_vaults_bifocal,
          hangedman_vaults_river_flow, grunt_vaults_funnel, v_alt_pattern_1,
          nicolae_vaults_yaktaur_gun_rack, vaults_mumra_minichess,
          hangedman_vaults_stretched_pinwheel, v_pattern_2, vaults_dpeg_ring,
          layout_vaults_omnigrid
Vaults:2: v_misc_4, hangedman_vaults_slice, ontoclasm_vaults_ring_small,
          nicolae_vaults_diagonal_hallway_7, nicolae_vaults_big_ls,
          nicolae_vaults_display_case, nicolae_vaults_three_branches,
          vaults_dpeg_cross, nicolae_vaults_little_squares_5, v_misc_31,
          vaults_mumra_hexcomb, nicolae_vaults_asterisk, layout_vaults_big_room,
          serial_shops, shop, shop, nicolae_shop_statue_plus
Vaults:3: vaults_mumra_chevron_long, v_misc_23, minmay_crypt_entry_necro_gods,
          nicolae_vaults_what_the_h, v_misc_18,
          ontoclasm_vaults_decontamination, ontoclasm_vaults_pinch,
          ontoclasm_vaults_ring_large, vaults_room_semicircle, v_pattern_3,
          v_alt_pattern_2, v_misc_13, ontoclasm_vaults_spin,
          nicolae_vaults_little_squares_3, nicolae_vaults_alarming,
          nicolae_vaults_diagonal_hallway_7, layout_vaults_maze
Vaults:4: ontoclasm_vaults_bender, grunt_vaults_swirl, v_misc_11,
          vaults_dpeg_diagonal, vaults_room_hallway, v_misc_23,
          vaults_mumra_hex, nicolae_vaults_theta, v_misc_13, vaults_room_pools,
          nicolae_vaults_specimen_jars, nicolae_vaults_asterisk,
          layout_vaults_ring, uniq_jory, uniq_xtahua
Vaults:5
Depths:1: minmay_shrinking_squares, layout_cross, enter_ziggurat_a,
          grunt_pan_entry_sceptre, fountainhead, grunt_hell_horde,
          lightli_minifort, uniq_bai_suzhen
Depths:2: hangedman_screamer, layout_basic, nrook_pool_corridor,
          grunt_hell_entry_dis_mu, infiniplex_staircase_zigzag_5, firewood_loft
Depths:3: grunt_profane_halls [grunt_profane_temple_dis,
          grunt_profane_temple_coc, grunt_profane_temple_geh,
          grunt_profane_temple_tar, grunt_profane_loot], hell_entry, pan_entry,
          uniq_margery
Depths:4: minmay_swirls_squares, layout_gridville, minmay_misc_feat_encased,
          grunt_pan_entry_in_and_out, marbit_kobold_abyss_entry, hell_entry,
          minmay_staircase_bubble, serial_bayou_shore_b, uniq_frederick
Depths:5: grunt_zot_entry_alcove, layout_basic, serial_sigils_hangedman_stare,
          hell_entry, grunt_pan_entry_spiral, nooodl_food_tri
Zot:1:    layout_gridlike
Zot:2:    layout_misc_corridors
Zot:3:    gammafunk_sealed_arena, layout_onion
Zot:4:    layout_onion_interference, kennysheep_underground_church

Skill      XL: |  1  2  3  4  5  6  7  8  9 10 11 12 13 14 15 16 17 18 19 20 21 22 23 24 25 26 27 |
---------------+----------------------------------------------------------------------------------+-----
Stealth        | 2 4 5 |  5.0
Fighting       | 3 4 5 6 8 10 11 12 14 15 17 19 20 | 20.0
Spellcasting   | 2 3 6 11 12 14 | 14.0
Dodging        | 3 4 6 9 11 13 14 15 16 17 18 20 | 20.0
Conjurations   | 2 3 4 |  4.1
Translocations | 2 3 |  3.3
Fire Magic     | 2 3 |  3.3
Hexes          | 2 |  2.1
Crossbows      | 7 10 15 19 23 | 23.9
Axes           | 3 5 8 9 12 | 12.6
Evocations     | 5 7 11 15 | 15.0
Transmutations | 2 5 9 10 11 | 11.0
Earth Magic    | 2 5 9 10 11 | 11.0
Polearms       | 5 8 10 11 | 11.8
Shields        | 4 |  4.0
Charms         | 5 |  5.0
Air Magic      | 5 |  5.0

Action                   |  1- 3 |  4- 6 |  7- 9 | 10-12 | 13-15 | 16-18 | 19-21 | 22-24 | 25-27 || total
-------------------------+-------+-------+-------+-------+-------+-------+-------+-------+-------++-------
Melee: Short sword       |    11 |       |       |       |       |       |       |       |       ||    11
       Constrict         |     8 |    35 |    54 |    61 |   156 |    82 |   156 |   120 |   137 ||   809
       Dagger            |    36 |   113 |   141 |     2 |       |       |       |       |       ||   292
       Tentacles         |     5 |    16 |    32 |   112 |   246 |   226 |   237 |   254 |   207 ||  1335
       Hand axe          |       |       |    89 |    94 |   266 |       |       |       |       ||   449
       Broad axe         |       |       |       |   306 |   321 |       |       |       |       ||   627
       Great sword       |       |       |       |       |     1 |       |       |       |       ||     1
       Demon trident     |       |       |       |       |   580 |  1479 |  1622 |  1594 |  1183 ||  6458
       Kick              |       |       |       |       |       |       |     3 |       |       ||     3
 Fire: Hand crossbow     |     1 |    37 |   111 |    26 |   121 |   174 |    12 |       |    49 ||   531
       Arbalest          |       |       |       |    95 |    30 |   157 |       |       |       ||   282
       Triple crossbow   |       |       |       |       |       |       |       |       |   178 ||   178
Throw: Dart              |       |     3 |    10 |    42 |    44 |     1 |     1 |     1 |       ||   102
       Throwing net      |       |       |       |       |       |       |       |     1 |       ||     1
 Cast: Blink             |       |       |     2 |    18 |    19 |     2 |       |       |     2 ||    43
       Confusing Touch   |       |       |     1 |     3 |     2 |       |     1 |     2 |       ||     9
       Conjure Flame     |       |       |     9 |    57 |    40 |     1 |       |       |       ||   107
       Statue Form       |       |       |       |       |       |     1 |    16 |    27 |    44 ||    88
       Irradiate         |       |       |       |       |       |       |     5 |    14 |    47 ||    66
       Deflect Missiles  |       |       |       |       |       |       |     4 |     6 |     2 ||    12
       Spectral Weapon   |       |       |       |       |       |       |       |    12 |     1 ||    13
       Summon Lightning  |       |       |       |       |       |       |       |     6 |       ||     6
       Passwall          |       |       |       |       |       |       |       |       |     5 ||     5
       Regeneration      |       |       |       |       |       |       |       |       |    12 ||    12
Invok: Potion Petition   |       |       |       |     2 |       |     2 |       |     1 |     2 ||     7
       Call Merchant     |       |       |       |       |     2 |     2 |     2 |       |     2 ||     8
 Abil: End Transformatio |       |       |       |       |       |       |       |       |     2 ||     2
Evoke: Wand              |       |       |     1 |    27 |    25 |    14 |       |     2 |    12 ||    81
       Box of beasts     |       |       |       |       |     1 |     1 |       |       |       ||     2
       Lamp of fire      |       |       |       |       |     1 |       |     2 |       |     2 ||     5
  Use: Scroll            |       |     6 |     4 |    12 |    18 |     8 |     9 |     7 |    14 ||    78
       Potion            |       |       |       |     3 |     3 |     2 |     3 |     1 |     1 ||    13
 Stab: Sleeping          |    14 |     9 |     5 |    19 |    54 |    23 |    37 |    18 |     7 ||   186
       Distracted        |       |       |     2 |     2 |    16 |    24 |    14 |    15 |    13 ||    86
       Confused          |       |       |       |     1 |       |       |       |     3 |       ||     4
       Paralysed         |       |       |       |     3 |     1 |       |       |       |       ||     4
  Eat: Chunk             |     2 |     8 |       |     1 |       |       |       |       |       ||    11
       Ration            |       |     1 |     5 |    14 |    20 |    18 |    12 |    13 |    15 ||    98
Armor: Skin              |     1 |    12 |     4 |    11 |    45 |    32 |   169 |   267 |   408 ||   949
Dodge: Dodged            |    19 |    59 |   162 |   395 |   845 |   743 |   762 |   986 |  1301 ||  5272
       Deflected         |       |       |       |       |       |       |    26 |    43 |     8 ||    77
Block: Other             |       |       |       |       |    83 |    50 |       |       |       ||   133
       Reflection        |       |       |       |       |    10 |    84 |       |       |       ||    94
       Buckler           |       |       |       |       |       |   332 |   307 |   358 |   286 ||  1283
       Rpst.: Great sword |       |       |       |       |     1 |       |       |       |       ||     1

Table legend:
 A = Non-vault XP
 B = Vault XP
 C = Vault XP percentage of total XP
 D = Non-vault monster count
 E = Vault monster count
 F = Vault count percentage of total count
                 A         B        C        D         E       F
            +---------+---------+-------+---------+---------+-------
      Total |  730720 |  760199 |  51.0 |    1423 |    1041 |  42.2
            +---------+---------+-------+---------+---------+-------
        D:1 |      42 |       5 |  10.6 |      24 |       1 |   4.0
        D:2 |     117 |      35 |  23.0 |      24 |       1 |   4.0
        D:3 |     221 |       2 |   0.9 |      29 |       1 |   3.3
        D:4 |     424 |       0 |   0.0 |      17 |       0 |   0.0
        D:5 |     627 |     651 |  50.9 |      24 |       1 |   4.0
        D:6 |     780 |     110 |  12.4 |      22 |       5 |  18.5
        D:7 |     804 |       0 |   0.0 |      18 |       0 |   0.0
        D:8 |    1779 |       0 |   0.0 |      25 |       0 |   0.0
        D:9 |    1274 |     244 |  16.1 |      21 |       5 |  19.2
       D:10 |    1705 |    1845 |  52.0 |      13 |      14 |  51.9
       D:11 |    1466 |       0 |   0.0 |      14 |       0 |   0.0
       D:12 |    6455 |   12905 |  66.7 |      27 |      44 |  62.0
       D:13 |    9141 |     730 |   7.4 |      34 |       1 |   2.9
       D:14 |    2131 |   10274 |  82.8 |       8 |      25 |  75.8
       D:15 |   29063 |    8262 |  22.1 |      51 |      13 |  20.3
     Lair:1 |    5376 |       0 |   0.0 |      22 |       0 |   0.0
     Lair:2 |    3805 |     123 |   3.1 |      18 |      12 |  40.0
     Lair:3 |    2296 |     107 |   4.5 |       9 |       1 |  10.0
     Lair:4 |    5187 |    1190 |  18.7 |      19 |       3 |  13.6
     Lair:5 |    6412 |    5911 |  48.0 |      23 |      24 |  51.1
     Lair:6 |    7487 |    9309 |  55.4 |      23 |      37 |  61.7
   Shoals:1 |   10929 |    1473 |  11.9 |      23 |       7 |  23.3
   Shoals:2 |   19509 |       0 |   0.0 |      33 |       0 |   0.0
   Shoals:3 |   19585 |       0 |   0.0 |      42 |       0 |   0.0
   Shoals:4 |   10686 |   25889 |  70.8 |      26 |      34 |  56.7
    Snake:1 |   13460 |    1808 |  11.8 |      24 |       4 |  14.3
    Snake:2 |   25486 |    6632 |  20.6 |      47 |       8 |  14.5
    Snake:3 |   16640 |    1171 |   6.6 |      31 |       1 |   3.1
    Snake:4 |   31017 |   37990 |  55.1 |      64 |      60 |  48.4
    Slime:1 |    1297 |   14882 |  92.0 |       5 |       1 |  16.7
    Slime:2 |   13805 |       0 |   0.0 |      19 |       0 |   0.0
    Slime:3 |   12115 |       0 |   0.0 |      15 |       0 |   0.0
    Slime:4 |    7182 |       0 |   0.0 |      17 |       0 |   0.0
    Slime:5 |   24944 |   26033 |  51.1 |      36 |      13 |  26.5
      Orc:1 |     798 |    3091 |  79.5 |      16 |      10 |  38.5
      Orc:2 |       0 |   20542 | 100.0 |       0 |     150 | 100.0
      Elf:1 |    3496 |   20715 |  85.6 |       8 |      31 |  79.5
      Elf:2 |   20418 |   29150 |  58.8 |      32 |      37 |  53.6
      Elf:3 |   17856 |   50478 |  73.9 |      27 |      38 |  58.5
   Vaults:1 |   28794 |   10829 |  27.3 |      49 |      19 |  27.9
   Vaults:2 |   34933 |   20307 |  36.8 |      66 |      21 |  24.1
   Vaults:3 |   38549 |   21272 |  35.6 |      62 |      32 |  34.0
   Vaults:4 |   26537 |   30891 |  53.8 |      45 |      27 |  37.5
   Vaults:5 |   39724 |  127447 |  76.2 |      56 |      86 |  60.6
   Depths:1 |   37044 |   16017 |  30.2 |      50 |      16 |  24.2
   Depths:2 |   28277 |   24288 |  46.2 |      43 |      33 |  43.4
   Depths:3 |    1407 |  134667 |  99.0 |       2 |     136 |  98.6
   Depths:4 |   25897 |   48707 |  65.3 |      33 |      34 |  50.7
   Depths:5 |   46504 |   31265 |  40.2 |      39 |      21 |  35.0
      Zot:1 |   13922 |       0 |   0.0 |       5 |       0 |   0.0
      Zot:2 |    8695 |       0 |   0.0 |       6 |       0 |   0.0
      Zot:3 |   40533 |       0 |   0.0 |      25 |       0 |   0.0
      Zot:4 |   24089 |       0 |   0.0 |      12 |       0 |   0.0
     Bailey |       0 |    1637 | 100.0 |       0 |      27 | 100.0
      IceCv |       0 |    1315 | 100.0 |       0 |       7 | 100.0
            +---------+---------+-------+---------+---------+-------
